 Dungeon Crawl Stone Soup version 0.22-a0-402-ga933591 (webtiles) character file.

3130 Firecrotchwizard the Cleaver (level 9, 0/81 HPs)
             Began as a Minotaur Gladiator on May 6, 2018.
             Was a Believer of Makhleb.
             Slain by a two-headed ogre
             ... wielding a +0 giant club
              (9 damage)
             ... on level 7 of the Dungeon.
             The game lasted 00:10:17 (5655 turns).

Firecrotchwizard the Cleaver (Minotaur Gladiator)   Turns: 5655, Time: 00:10:17

Health: 0/81       AC: 15    Str: 20    XL:     9   Next: 61%
Magic:  11/11      EV: 10    Int:  5    God:    Makhleb [**....]
Gold:   335        SH:  0    Dex: 14    Spells: 8/8 levels left

rFire    . . .     SeeInvis .   a - +0 war axe
rCold    . . .     Gourm    .   (no shield)
rNeg     . . .     Faith    .   g - +0 chain mail
rPois    .         Spirit   .   c - +0 hat
rElec    .         Reflect  .   L - +0 cloak
rCorr    .         Harm     .   (no gloves)
MR       .....                  (no boots)
Stlth    ..........             w - amulet of regeneration {@e1+regen, !d}
HPRegen  0.63/turn              t - +3 ring of protection (curse)
MPRegen  0.12/turn              K - +1 ring of evasion

@: no status effects
A: retaliatory headbutt, horns 2
a: Minor Destruction, Renounce Religion


You were on level 7 of the Dungeon.
You worshipped Makhleb.
Makhleb was pleased with you.
You were not hungry.

You visited 1 branch of the dungeon, and saw 7 of its levels.

You collected 335 gold pieces.

Inventory:

Hand Weapons
 a - a +0 war axe (weapon)
 h - a +1 dagger of venom
   (You took it off a goblin on level 1 of the Dungeon)
 F - a +4 battleaxe
   (You took it off a wight on level 7 of the Dungeon)
 I - a +0 antimagic flail
   (You took it off an orc priest on level 7 of the Dungeon)
Missiles
 d - 7 throwing nets {=f, !d}
Armour
 b - a +0 leather armour
 c - a +0 hat (worn)
 g - a +0 chain mail (worn)
   (You took it off an orc on level 3 of the Dungeon)
 p - a +0 ring mail
   (You found it on level 2 of the Dungeon)
 A - a +2 scale mail of cold resistance
   (You found it on level 7 of the Dungeon)
 C - a cursed +0 leather armour
   (You took it off an orc priest on level 6 of the Dungeon)
 L - a +0 cloak (worn)
   (You found it on level 7 of the Dungeon)
Jewellery
 t - a cursed +3 ring of protection (left hand)
   (You found it on level 3 of the Dungeon)
 w - an amulet of regeneration (around neck) {@e1+regen, !d}
   (You found it on level 4 of the Dungeon)
 J - an uncursed ring of positive energy {rN+}
   (You found it on level 7 of the Dungeon)
 K - a +1 ring of evasion (right hand)
   (You found it on level 7 of the Dungeon)
Wands
 x - a wand of polymorph (9)
   (You found it on level 4 of the Dungeon)
 D - a wand of disintegration (14) {@e1}
   (You found it on level 6 of the Dungeon)
Scrolls
 e - 10 scrolls of identify
 i - 2 scrolls of magic mapping {unknown}
 j - 3 scrolls of enchant armour {unknown}
 n - 2 scrolls of random uselessness {unknown}
 u - 2 scrolls of teleportation {unknown}
 v - 2 scrolls of blinking {unknown}
 y - a scroll of immolation {unknown}
 E - a scroll of enchant weapon {unknown}
Potions
 k - a potion of might
 l - a potion of agility {unknown}
 m - 2 potions of brilliance
 o - a potion of flight {unknown}
 q - 2 potions of heal wounds {unknown}
 r - a potion of curing {unknown}
 s - a potion of invisibility {unknown}
 z - a potion of haste {unknown}
 B - 2 potions of degeneration {unknown}
 G - a potion of magic {unknown}
 M - a potion of lignification {unknown}
Comestibles
 f - 8 rations {@e1}
 H - 11 chunks of flesh {@w0}


   Skills:
 + Level 8.0 Fighting
 * Level 11.2 Axes
 - Level 2.0 Throwing
 + Level 7.5 Armour
 - Level 3.3 Dodging
 + Level 4.2 Invocations


You had 8 spell levels left.
You didn't know any spells.

Dungeon Overview and Level Annotations

Branches:
Dungeon (7/15)             Temple (0/1) D:7

Altars:
Cheibriados
Hepliaklqana
Makhleb
Nemelex Xobeh
Sif Muna
Wu Jian


Innate Abilities, Weirdness & Mutations

You reflexively headbutt those who attack you in melee.
You have a pair of horns on your head.


Message History

The centaur skeleton closely misses you.
The orc priest hits you but does no damage.
The orc priest calls upon Beogh to heal the orc wizard.
The orc wizard's wounds heal themselves!
You slash the centaur skeleton! You headbutt the centaur skeleton.
You barely miss the orc priest. You hit the orc wizard.
The centaur skeleton hits you but does no damage.
The orc wizard hits you but does no damage.
You closely miss the orc wizard. Your headbutt misses the orc wizard.
You miss the orc priest. You barely miss the centaur skeleton.
The centaur skeleton hits you but does no damage.
The orc wizard points at you and mumbles some strange words.
The magic dart hits you! The centaur skeleton misses you.
You take 9 damage, and have 62/81 hp.
You closely miss the orc wizard. You slash the centaur skeleton!
You closely miss the orc wizard. You slash the orc priest!
You feel less confused. The orc priest barely misses you.
The centaur skeleton closely misses you.
The orc wizard closely misses you. You furiously retaliate!
You headbutt the orc wizard, but do no damage.
The orc wizard closely misses you. You furiously retaliate!
You headbutt the orc wizard! You slash the centaur skeleton!
You destroy the centaur skeleton!
Makhleb accepts your kill.
You feel better.
You slash the orc wizard! You slash the orc priest!
You kill the orc priest!
Makhleb accepts your kill.
You hit the orc wizard.
You kill the orc wizard!
Makhleb accepts your kill.
You feel better. The orc wizard completely misses you. You furiously retaliate!
You headbutt the orc wizard!
You kill the orc wizard!
Makhleb accepts your kill.
You feel better.
Your Fighting skill increases to level 8!
You regained 15 hp, and now have 78/81 hp.
You see here a whip.
M - a dark potion
Things that are here:
a dagger; a robe; an orc corpse You butcher the orc corpse.
H - 17 chunks of flesh {@w0} (gained 2)
Things that are here:
a dagger; a robe; an orc skeleton Health restored: 81
Things that are here:
a dagger; a robe; an orc corpse You butcher the orc corpse.
Some of the chunks of flesh in your inventory have rotted away.
H - 18 chunks of flesh {@w0} (gained 2)
Things that are here:
a dagger; a robe You start waiting.
The killer bee barely misses you. You furiously retaliate!
You headbutt the killer bee. You hit the killer bee.
The killer bee closely misses you. x2
You miss the killer bee. The killer bee closely misses you.
You miss the killer bee. Your headbutt misses the killer bee.
The killer bee stings you but does no damage. x2
You slash the killer bee! Your headbutt misses the killer bee.
The killer bee closely misses you. The killer bee barely misses you.
You furiously retaliate!
You headbutt the killer bee!
You kill the killer bee!
Makhleb accepts your kill.
Some of the chunks of flesh in your inventory have rotted away.
No target in view!
Things that are here:
a dagger; a robe You butcher the orc corpse.
H - 15 chunks of flesh {@w0} (gained 4)
You see here a trident. x2
A two-headed ogre comes into view. It is wielding two giant clubs.
The two-headed ogre shouts in stereo!
A two-headed ogre is nearby!
The two-headed ogre hits you with a giant club.
The two-headed ogre hits you with a giant club!
You take 16 damage, and have 65/81 hp.
You hit the two-headed ogre. You headbutt the two-headed ogre!
You barely miss the two-headed ogre.
The two-headed ogre hits you but does no damage.
The two-headed ogre hits you with a giant club!
Some of the chunks of flesh in your inventory have rotted away.
You take 7 damage, and have 59/81 hp.
You hit the two-headed ogre.
Your headbutt misses the two-headed ogre.
The two-headed ogre hits you with a giant club!
The two-headed ogre hits you with a giant club!!
You take 31 damage, and have 28/81 hp.
MASSIVE DAMAGE!!
You slash the two-headed ogre! You barely miss the two-headed ogre.
The two-headed ogre closely misses you. The two-headed ogre barely misses you.
You slash the two-headed ogre!
The two-headed ogre hits you with a giant club!!
* * * LOW HITPOINT WARNING * * *
The two-headed ogre hits you with a giant club!
You die...

#...........##...#รท######.#
###..................)..###.##.
###............##.#####........#.
....#.............######.........
.............####......##..###.##
#######.###..## #.####.....# #.#
### #..))...# #.##....#..###.#
..#######....<###.#............#
#......##.)....O@.........#....#
######....)....####............#
#########.......###.......##...#
...(## #.................##...#
###..#####.#......#............#
##.....#..............##.###..##
##..............#.####.##.##.....
#.................#### #.##.....
#...............<..#...##..#..###


You could see a two-headed ogre.

Vanquished Creatures
  Grinder (D:6)
  A yak (D:5)
  An orc warrior (D:6)
  An ice beast (D:5)
  2 phantoms
  A necrophage (D:5)
  A centaur (D:5)
  4 ogres
  3 bullfrogs
  2 scorpions
  4 killer bees
  4 wights (D:7)
  4 crimson imps
  A bullfrog zombie (D:5)
  4 hounds
  6 orc priests
  3 jellies
  A bullfrog skeleton (D:4)
  2 centaur skeletons
  An iguana (D:7)
  10 orc wizards
  2 worker ants
  A hound skeleton (D:4)
  9 gnolls
  6 adders
  A howler monkey skeleton (D:6)
  3 oozes
  An adder zombie (D:5)
  3 worms
  2 dart slugs (D:1)
  6 leopard geckos
  19 orcs
  4 giant cockroaches
  5 goblins
  6 hobgoblins
  10 jackals
  3 quokkas
  2 ball pythons
  8 bats
  5 frilled lizards
  A jackal skeleton (D:4)
  3 kobolds
  2 quokka skeletons
  7 rats
166 creatures vanquished.

Notes
Turn   | Place    | Note
-------+----------+-------------------------------------------
     0 | D:1      | Firecrotchwizard the Minotaur Gladiator began the quest for the Orb.
     0 | D:1      | Reached XP level 1. HP: 18/18 MP: 0/0
   198 | D:1      | Reached skill level 4 in Axes
   246 | D:1      | Reached XP level 2. HP: 24/25 MP: 1/1
   441 | D:1      | Reached skill level 1 in Armour
   877 | D:2      | Reached skill level 3 in Fighting
   877 | D:2      | Reached XP level 3. HP: 31/31 MP: 2/2
  1913 | D:3      | Reached skill level 5 in Axes
  1913 | D:3      | Reached XP level 4. HP: 38/38 MP: 3/3
  1940 | D:3      | Reached skill level 2 in Armour
  2642 | D:4      | Reached skill level 4 in Fighting
  2642 | D:4      | Reached XP level 5. HP: 41/46 MP: 4/4
  2722 | D:4      | Found an ornate altar of the Wu Jian Council.
  2732 | D:4      | Found a sparkling altar of Nemelex Xobeh.
  2748 | D:4      | Found a hazy altar of Hepliaklqana.
  2748 | D:4      | Found a deep blue altar of Sif Muna.
  2750 | D:4      | Found a snail-covered altar of Cheibriados.
  2753 | D:4      | Found a burning altar of Makhleb.
  2756 | D:4      | Became a worshipper of Makhleb the Destroyer
  2880 | D:4      | Reached skill level 6 in Axes
  2880 | D:4      | Reached skill level 3 in Armour
  3123 | D:5      | Entered Level 5 of the Dungeon
  3199 | D:5      | Reached XP level 6. HP: 52/52 MP: 5/5
  3393 | D:5      | Reached skill level 7 in Axes
  3464 | D:5      | Reached skill level 4 in Armour
  3478 | D:5      | Reached skill level 5 in Fighting
  3478 | D:5      | Reached XP level 7. HP: 59/61 MP: 6/6
  3595 | D:5      | Reached skill level 8 in Axes
  3669 | D:5      | Noticed a yak
  3674 | D:5      | Killed a yak
  3674 | D:5      | Reached skill level 5 in Armour
  3677 | D:5      | Reached * piety under Makhleb
  3680 | D:5      | Reached skill level 6 in Fighting
  3680 | D:5      | Reached XP level 8. HP: 45/70 MP: 7/7
  3768 | D:5      | Reached skill level 9 in Axes
  3768 | D:5      | Reached skill level 1 in Invocations
  4377 | D:6      | HP: 6/71 [orc priest/divine providence (12)]
  4378 | D:6      | Reached skill level 6 in Armour
  4381 | D:6      | Reached skill level 2 in Invocations
  4574 | D:6      | Noticed Grinder
  4589 | D:6      | Paralysed by Grinder for 5 turns
  4594 | D:6      | Killed Grinder
  4594 | D:6      | Reached skill level 7 in Fighting
  4594 | D:6      | Reached skill level 10 in Axes
  4684 | D:6      | Reached XP level 9. HP: 76/79 MP: 10/10
  4721 | D:6      | Reached ** piety under Makhleb
  4750 | D:6      | Reached skill level 3 in Invocations
  4854 | D:6      | HP: 18/79 [orc warrior/enchanted halberd (22)]
  5270 | D:7      | Reached skill level 7 in Armour
  5414 | D:7      | Reached skill level 11 in Axes
  5478 | D:7      | Reached skill level 4 in Invocations
  5499 | D:7      | Found a staircase to the Ecumenical Temple.
  5597 | D:7      | Reached skill level 8 in Fighting
  5648 | D:7      | Noticed a two-headed ogre
  5655 | D:7      | HP: 9/81 [two-headed ogre/giant club (20)]
  5655 | D:7      | Slain by a two-headed ogre

Vault maps used:
D:1:      eino_arrival_cavern_a
D:3:      first_ration
D:4:      minitemple, due_unseen_surprise
D:5:      cheibrodos_barr_body
D:6:      uniq_grinder
D:7:      minmay_temple_entry_statues

Skill      XL: |  1  2  3  4  5  6  7  8  9 |
---------------+----------------------------+-----
Axes           | 4 5 6 7 8 10 11 | 11.2
Armour         | 1 2 3 4 5 6 7 |  7.5
Fighting       | 3 4 5 6 7 8 |  8.0
Invocations    | 2 4 |  4.2
Throwing       | |  2.0
Dodging        | |  3.3

Action                   |  1- 3 |  4- 6 |  7- 9 || total
-------------------------+-------+-------+-------++-------
Melee: War axe           |    66 |    98 |   251 ||   415
       Headbutt          |    10 |    20 |    50 ||    80
  Use: Scroll            |     1 |     2 |       ||     3
  Eat: Chunk             |     3 |     3 |     6 ||    12
       Ration            |       |     1 |       ||     1
Armor: Leather armour    |     7 |       |       ||     7
       Ring mail         |    11 |    18 |       ||    29
       Chain mail        |       |    22 |   129 ||   151
Dodge: Dodged            |    50 |    61 |   122 ||   233

Table legend:
 A = Spawn XP
 B = Non-spawn XP
 C = Spawn XP percentage of total XP
 D = Spawn monster count
 E = Non-spawn monster count
 F = Spawn count percentage of total count
 G = Total turns spent on level
                    A         B        C        D         E        F      G
               +---------+---------+-------+---------+---------+-------+---------
         Total |       0 |    4472 |   0.0 |       0 |     166 |   0.0 |  5655
               +---------+---------+-------+---------+---------+-------+---------
           D:1 |       0 |      40 |   0.0 |       0 |      22 |   0.0 |   862
           D:2 |       0 |      52 |   0.0 |       0 |      18 |   0.0 |   933
           D:3 |       0 |      56 |   0.0 |       0 |      14 |   0.0 |   859
           D:4 |       0 |     187 |   0.0 |       0 |      15 |   0.0 |   469
           D:5 |       0 |    1573 |   0.0 |       0 |      36 |   0.0 |  1116
           D:6 |       0 |    1549 |   0.0 |       0 |      35 |   0.0 |   997
           D:7 |       0 |    1015 |   0.0 |       0 |      26 |   0.0 |   419
               +---------+---------+-------+---------+---------+-------+---------

Vault maps used:
D:1:      eino_arrival_cavern_a
D:3:      first_ration
D:4:      minitemple, due_unseen_surprise
D:5:      cheibrodos_barr_body
D:6:      uniq_grinder
D:7:      minmay_temple_entry_statues

Table legend:
 A = Turns spent in this place as a percentage of turns spent in the entire game.
 B = Non-inter-level travel turns spent in this place as a percentage of non-inter-level travel turns spent in the entire game.
 C = Inter-level travel turns spent in this place as a percentage of turns spent in this place.
 D = Turns resting spent in this place as a percentage of non-inter-level travel turns spent in this place.
 E = Turns spent auto-exploring this place as a percentage of non-inter-level travel turns spent in this place.
 F = Non-inter-level travel turns spent in this place divided by the number of levels of this place that you've seen.
                   A       B       C       D       E      F
               +-------+-------+-------+-------+-------+----------------------
         Total | 100.0 | 100.0 |   4.8 |  15.1 |  66.5 | 768.9
       Dungeon | 100.0 | 100.0 |   4.8 |  15.1 |  66.5 | 768.9
               +-------+-------+-------+-------+-------+----------------------

Table legend:
 A = Kills in this place as a percentage of kills in entire the game.
 B = Kills by you in this place as a percentage of kills by you in the entire game.
 C = Kills by friends in this place as a percentage of kills by friends in the entire game.
 D = Other kills in this place as a percentage of other kills in the entire game.
 E = Experience gained in this place as a percentage of experience gained in the entire game.
 F = Experience gained in this place divided by the number of levels of this place that you have seen.
                   A       B       C       D       E      F
               +-------+-------+-------+-------+-------+----------------------
         Total | 100.0 | 100.0 |   N/A |   N/A | 100.0 | 638.9
       Dungeon | 100.0 | 100.0 |   N/A |   N/A | 100.0 | 638.9
               +-------+-------+-------+-------+-------+----------------------
